 Dungeon Crawl Stone Soup version 0.29.1-13-g9f3cf754e1 (webtiles) character file.

Game seed: 15009671974197222184

2435 cheesebisquit the Skirmisher (level 9, -15/85 HPs)
             Began as a Gargoyle Hunter on Jan 30, 2023.
             Demolished by an orc warrior
             ... wielding a +0 scimitar
              (21 damage)
             ... on level 8 of the Dungeon.
             The game lasted 00:22:21 (7716 turns).

cheesebisquit the Skirmisher (Gargoyle Hunter)      Turns: 7716, Time: 00:22:22

Health: -15/85     AC: 18    Str: 20    XL:     9   Next: 49%
Magic:  9/9        EV: 11    Int: 11    God:
Gold:   618        SH:  0    Dex: 17    Spells: 8/8 levels left

rFire   . . .      SeeInvis .   a - +0 shortbow
rCold   x . .      Faith    .   (shield currently unavailable)
rNeg    + . .      Spirit   .   p - +3 ring mail of Beogh's Displeasure {Harm rC- Str+6}
rPois   ∞          Reflect  .   y - +1 helmet
rElec   +          Harm     +   (no cloak)
rCorr   .          Rampage  .   (no gloves)
Will    +....                   (no boots)
Stlth   ..........              (no amulet)
HPRegen 0.24/turn               e - ring of willpower
MPRegen 0.11/turn               h - ring of wizardry

@: mighty, berserking, very quick
A: sickness immunity, AC +6, negative energy resistance 1, electricity
resistance, torment resistance 1, petrification resistance
a: no special abilities


You were on level 8 of the Dungeon.
You visited 2 branches of the dungeon, and saw 10 of its levels.
You also visited: Ossuary.

You collected 618 gold pieces.

Inventory:

Hand Weapons
 a - a +0 shortbow (weapon)
Missiles
 j - 17 poisoned darts
 B - a curare-tipped dart
 E - a throwing net
Armour
 c - a +0 leather armour
 n - a +0 chain mail
 p - the +3 ring mail of Beogh's Displeasure (worn) {Harm rC- Str+6}
   (You found it on level 3 of the Dungeon)

   Str:       It affects your strength (+6).
   rC:        It makes you vulnerable to cold.
   Harm:      It increases damage dealt and taken.
 x - a +0 scale mail
 y - a +1 helmet (worn)
 A - a +1 leather armour of fire resistance
 G - a +0 kite shield
Jewellery
 e - a ring of willpower (left hand)
 h - a ring of wizardry (right hand)
Wands
 r - a wand of iceblast (4)
 v - a wand of acid (8)
 F - a wand of flame (13)
Scrolls
 b - a scroll of immolation
 d - a scroll of enchant armour
 f - a scroll of noise
 m - a scroll of vulnerability
 o - a scroll of silence
Potions
 i - 2 potions of cancellation
 k - 3 potions of resistance
 q - 4 potions of flight
 s - 2 potions of mutation
 t - 2 potions of degeneration
 w - a potion of ambrosia {unknown}
 z - a potion of magic
 C - a potion of might
 D - a potion of berserk rage
 H - a potion of heal wounds {unknown}


   Skills:
 + Level 7.1 Fighting
 * Level 9.8 Ranged Weapons
 + Level 6.6 Armour
 - Level 1.5 Dodging
 - Level 1.1 Stealth


You had 8 spell levels left.
You didn't know any spells.
Your spell library contained the following spells:

 Spells                   Type           Power      Damage    Failure   Level
 Apportation              Tloc           0%         N/A       22%         1
 Magic Dart               Conj           0%         1d3       22%         1
 Call Imp                 Summ           0%         N/A       32%         2
 Gell's Gravitas          Tloc           0%         N/A       52%         3
 Lesser Beckoning         Tloc           0%         N/A       52%         3
 Mephitic Cloud           Conj/Pois/Air  0%         N/A       52%         3
 Teleport Other           Tloc           0%         N/A       52%         3
 Fulminant Prism          Conj/Hex       0%         3d6       89%         4
 Iskenderun's Mystic Bla  Conj/Tloc      0%         2d3       89%         4
 Alistair's Intoxication  Tmut/Pois      0%         N/A       99%         5
 Lee's Rapid Deconstruct  Erth           0%         3d5*      99%         5


Dungeon Overview and Level Annotations

Branches:
Dungeon (9/15)             Temple (1/1) D:4         Ossuary (visited)
   Lair: D:8-11         Orc: D:9-12

Altars:
Cheibriados
Dithmenos
Fedhas
Gozag
Kikubaaqudgha
Makhleb
Nemelex Xobeh
Qazlal
Ru
Sif Muna
Uskayaw
Xom
The Shining One

Annotations:
D:2 Sigmund
D:8 Erica, Maurice


Innate Abilities, Weirdness & Mutations

You are immune to sickness and miasma.
Your stone body is resilient. (AC +6)
You are immune to poison.
You resist negative energy. (rN+)
You are resistant to electric shocks. (rElec)
You are resistant to unholy torment.
You are immune to petrification.


Message History

The killer bee stings you but does no damage. x2
The bullfrog hits you but does no damage.
The bullfrog attacks as you move away! The bullfrog completely misses you.
The killer bee attacks as you move away!
The killer bee stings you but does no damage.
Found 5 stones.
The killer bee stings you but does no damage.
The killer bee attacks as you move away!
The killer bee stings you but does no damage.
The bullfrog hits you.
* * * LOW HITPOINT WARNING * * *
The killer bee stings you.
* * * LOW HITPOINT WARNING * * *
The killer bee misses you.
There is an escape hatch in the ceiling here.
A mysterious force pulls you upwards. The hatch slams shut behind you.
Level annotation: Erica, Maurice The orc shouts!
The orc wizard shouts!
Found a scroll labelled ISHOMO VUAS.
As you read the scroll labelled JULIRENKEZEEN, it crumbles to dust.
You feel aware of your surroundings.
You sensed 6 altars.
It was a scroll of magic mapping.
The orc wizard mumbles some strange words.
The orc wizard flickers and vanishes!
Deactivating autopickup; reactivate with Ctrl-A.
It was a potion of magic.
Magic courses through your body.
It was a potion of might.
You feel very mighty all of a sudden.
It was a potion of berserk rage.
A red film seems to cover your vision as you go berserk!
You feel yourself moving faster!
You feel mighty! The orc hits you but does no damage.
Something hits you but does no damage. The orc closely misses you.
You are too berserk!
You are too berserk!
You are too berserk!
You are too berserk!
You clumsily bash something but do no damage.
The orc warrior hits you with a +0 scimitar!!
You die...

*,* #.....# *,**,
#:###.....## *,**,
#...(...<..#**,,,,
##........#...#,,*,
#..........,#....*,
#...........**...*,
#...........#*,*#,,
#.oo.........,,,,,,
#.@........##.,,,**
##Do....####*##****
*.......#,,****,,*,
#.......#,,+,,+,,**
#.......#*+*,,*+***
#.........,,,,,,,,,
#......?..,,,,,,***
##......##+*,,*+**
**,,,,,*,,+,,+,,*


You could see a steam dragon, an orc warrior and 2 orcs.

Vanquished Creatures
  A wyvern (D:7)
  2 steam dragons
  An orc warrior (D:7)
  A black bear (D:7)
  A sky beast (D:7)
  An ogre (D:4)
  A centaur (D:7)
  A phantom (D:6)
  2 kobold brigands
  A necrophage (D:7)
  A bullfrog (D:6)
  4 scorpions
  A gnoll sergeant (D:7)
  A wight (D:7)
  An electric eel (D:7)
  A howler monkey (D:7)
  3 jellies
  A gnoll bouda (D:5)
  6 hounds
  3 iguanas
  4 orc wizards
  2 mummies (Ossuary)
  7 gnolls
  10 adders
  A white imp (D:6)
  An ufetubus (D:4)
  4 worms
  4 dart slugs
  27 orcs
  3 endoplasms
  A giant cockroach (D:4)
  3 gnoll zombies (Ossuary)
  2 goblins (D:1)
  6 hobgoblins
  3 jackals (D:3)
  4 quokkas
  7 ball pythons
  3 bats (D:1)
  7 frilled lizards
  5 goblin zombies (Ossuary)
  4 hobgoblin zombies (Ossuary)
  15 kobolds
  2 orc zombies (Ossuary)
  9 rats
  2 rat zombies (D:5)
170 creatures vanquished.

Notes
Turn   | Place    | Note
-------+----------+-------------------------------------------
     0 | D:1      | cheesebisquit the Gargoyle Hunter began the quest for the
                  | Orb.
     0 | D:1      | Reached XP level 1. HP: 12/12 MP: 1/1
   204 | D:1      | Reached XP level 2. HP: 18/18 MP: 2/2
   640 | D:2      | Reached skill level 1 in Armour
   949 | D:2      | Reached XP level 3. HP: 22/22 MP: 3/3
  1387 | D:2      | Noticed Sigmund
  1418 | D:2      | Reached XP level 4. HP: 27/27 MP: 4/4
  2045 | D:2      | Found a faded altar of an unknown god.
  2201 | D:3      | Found a shimmering altar of Xom.
  2220 | D:3      | Reached skill level 5 in Ranged Weapons
  2470 | D:3      | Identified the +3 ring mail of Beogh's Displeasure {Harm
                  | rC- Str+6}
  2570 | D:4      | Noticed an ogre
  2576 | D:4      | Killed an ogre
  2577 | D:4      | Reached XP level 5. HP: 32/32 MP: 5/5
  2618 | D:4      | Found a sand-covered staircase.
  2630 | Ossuary  | Entered an ossuary
  2643 | Ossuary  | Reached XP level 6. HP: 38/38 MP: 6/6
  2914 | D:4      | Reached skill level 6 in Ranged Weapons
  3385 | D:4      | Found a staircase to the Ecumenical Temple.
  3394 | Temple   | Entered the Ecumenical Temple
  3658 | D:5      | Entered Level 5 of the Dungeon
  3756 | D:5      | Reached XP level 7. HP: 39/43 MP: 7/7
  3796 | D:5      | Found a snail-covered altar of Cheibriados.
  4062 | D:5      | Found a sparkling altar of Nemelex Xobeh.
  4260 | D:5      | Found an ancient bone altar of Kikubaaqudgha.
  4323 | D:5      | Reached skill level 7 in Ranged Weapons
  4845 | D:6      | Reached skill level 5 in Fighting
  4847 | D:6      | Noticed a steam dragon
  4856 | D:6      | Killed a steam dragon
  4857 | D:6      | Reached XP level 8. HP: 39/49 MP: 8/8
  4978 | D:6      | Found a stormy altar of Qazlal.
  4982 | D:6      | Noticed an air elemental
  4982 | D:6      | Noticed a water elemental
  5059 | D:6      | Reached skill level 5 in Armour
  5095 | D:6      | Reached skill level 8 in Ranged Weapons
  5873 | D:7      | Reached XP level 9. HP: 30/56 MP: 9/9
  6026 | D:7      | Reached skill level 9 in Ranged Weapons
  7121 | D:7      | Found a blossoming altar of Fedhas.
  7272 | D:8      | Noticed Maurice
  7675 | D:8      | Noticed Erica
  7716 | D:8      | Demolished by an orc warrior

Illustrated notes

Levels and vault maps discovered:
D:1:      mrwooster_arrival_statue, layout_loops_ring,
          amcnicky_mini_corridor_feature, hangedman_abyss_or_decor_stabs,
          minmay_strange_pillars, minmay_nonomino_d4
D:2:      layout_rooms, dreamdust_ecumenical_altar_angels_and_demons,
          uniq_sigmund
D:3:      layout_rooms, mainiacjoe_overflow_six_doors_small
D:4:      layout_rooms, minmay_temple_entry_trees, enter_ossuary_1,
          grunt_decor_clamped
D:5:      layout_loops_ring, lemuel_zombie_altar_kikubaaqudgha,
          mainiacjoe_overflow_boulevard, slow_altar_2, nicolae_fountain_basement
D:6:      layout_rooms, nicolae_qazlal_style_of_elements
D:7:      layout_basic, fedhas_altar_fruit_tree, minmay_crystal_water
D:8:      layout_rooms, minmay_overflow_temple_hex,
          chequers_serial_rivers_small_3, minivault_10, uniq_erica, uniq_maurice
D:9:      layout_rooms, lemuel_flamethrower_1
Temple:   nicolae_temple_ecumenical_triangle

Skill      XL: |  1  2  3  4  5  6  7  8  9 |
---------------+----------------------------+-----
Armour         | 1 2 3 4 5 6 |  6.6
Fighting       | 3 4 5 6 7 |  7.1
Ranged Weapons | 5 6 7 8 9 |  9.8
Dodging        | |  1.5
Stealth        | |  1.1

Action                   |  1- 3 |  4- 6 |  7- 9 || total
-------------------------+-------+-------+-------++-------
Melee: Unarmed           |       |     7 |       ||     7
       Shortbow          |       |       |     1 ||     1
 Fire: Shortbow          |   102 |   202 |   392 ||   696
  Use: Scroll            |       |     6 |     7 ||    13
       Potion            |       |     1 |     3 ||     4
Armor: Leather armour    |    24 |    12 |       ||    36
       Ring mail         |       |    38 |   194 ||   232
       Skin              |       |     7 |       ||     7
Dodge: Dodged            |    35 |    80 |   152 ||   267
